 Dungeon Crawl Stone Soup version 0.23.1 (webtiles) character file.

Game seed: 4510735789955070380

100 doot the Grasshopper (level 4, -9/19 HPs)
             Began as a Felid Warper on Mar 19, 2019.
             Mangled by a gnoll
             ... wielding a +0 halberd
              (13 damage)
             ... on level 3 of the Dungeon.
             The game lasted 00:05:28 (2700 turns).

doot the Grasshopper (Felid Warper)                 Turns: 2700, Time: 00:05:29

Health: -9/19      AC:  1    Str:  8    XL:     4   Next: 46%
Magic:  5/8        EV: 19    Int: 14    God:
Gold:   100        SH:  0    Dex: 15    Spells: 1/8 levels left
                                        Lives:  0   Deaths: 1

rFire    . . .     SeeInvis +     - Unarmed
rCold    . . .     Gourm    .   (shield unavailable)
rNeg     . . .     Faith    .   (armour unavailable)
rPois    .         Spirit   .   (helmet unavailable)
rElec    .         Reflect  .   (cloak unavailable)
rCorr    .         Harm     .   (gloves unavailable)
MR       .....                  (boots unavailable)
Stlth    ++........             (no amulet)
HPRegen  0.06/turn              (no ring)
MPRegen  0.11/turn              (no ring)

@: very slightly contaminated, quick
A: very small, no armour, no weapons or thrown items, stealth, claws 1, fangs 3,
see invisible, carnivore, speed 1, shaggy fur 1, slow metabolism 1, sharp paws
a: no special abilities


You were on level 3 of the Dungeon.
You were very full.

You visited 1 branch of the dungeon, and saw 3 of its levels.

You collected 100 gold pieces.

Inventory:

Scrolls
 a - 2 scrolls of identify {unknown}
 b - 4 scrolls of blinking
 d - a scroll of remove curse {unknown}
 e - 2 scrolls of magic mapping {unknown}
 h - a scroll of noise {unknown}
 i - 2 scrolls of amnesia {unknown}
 l - a scroll of enchant armour {unknown}
 m - a scroll of fear {unknown}
 n - a scroll of teleportation {unknown}
Potions
 f - 2 potions of lignification
 g - a potion of magic {unknown}
 j - a potion of flight {unknown}
 k - a potion of might {unknown}
Comestibles
 c - 3 rations


   Skills:
 + Level 2.3 Fighting
 + Level 4.2 Dodging
 + Level 1.5 Stealth
 + Level 3.9 Unarmed Combat
 + Level 2.5 Spellcasting
 + Level 0.3 Charms
 + Level 4.6 Translocations


You had one spell level left.
You knew the following spells:

 Your Spells              Type           Power        Failure   Level  Hunger
a - Blink                 Tloc           N/A          4%          2    ###....
b - Shroud of Golubria    Chrm/Tloc      #.........   12%         2    ###....
c - Teleport Other        Tloc           ##......     10%         3    ###....

Your spell library contained the following spells:

 Spells                   Type           Power        Failure   Level  Hunger
 Gell's Gravitas          Tloc           ##........   10%         3    ###....
 Lesser Beckoning         Tloc           ##........   10%         3    ###....
 Passage of Golubria      Tloc           N/A          32%         4    #####..


Dungeon Overview and Level Annotations

Branches:
Dungeon (3/15)

Altars:


Innate Abilities, Weirdness & Mutations

You cannot wear armour.
You are incapable of wielding weapons or throwing items.
Your paws allow you to move quietly. (Stealth)
You have sharp claws.
You have razor-sharp teeth.
You have supernaturally acute eyesight. (SInv)
You are carnivorous and can eat meat at any time.
You cover ground quickly.
You are covered in fur. (AC +1)
You have a slow metabolism.
Your sharp claws are effective at attacking unaware monsters.


Message History

You see here a +0 whip.
You barely miss the gnoll.
Your shroud bends the gnoll's attack away!
You scratch the gnoll.
The gnoll is moderately wounded.
The gnoll completely misses you.
You closely miss the gnoll.
The gnoll is moderately wounded.
The gnoll hits you with a +0 halberd!
Ouch! That really hurt!
* * * LOW HITPOINT WARNING * * *
Your shroud falls apart!
You barely miss the gnoll. You bite the gnoll, but do no damage.
The gnoll is moderately wounded.
You scratch the gnoll but do no damage.
The gnoll is moderately wounded.
The gnoll barely misses you.
The gnoll hits you from afar with a +0 halberd!
Ouch! That really hurt!
You die...

#.# #.# #.# ##########
#.# #...g..... #.#
#.#....### #.#
#g#....#####.#
#)#######....# #@#
#.#### #.#######.#
#####.......#(#
#........###.#.#
#..........#)#.# ###
#........#.#.#.# #..
########.#.#.#.######.#
#.....#......#.#
###.########.#.#


You could see a gnoll.

Vanquished Creatures
  A hound (D:2)
  2 adders (D:2)
  2 gnolls (D:3)
  An ooze (D:2)
  4 worms
  A dart slug (D:2)
  A leopard gecko (D:2)
  8 bats
  4 giant cockroaches
  10 goblins
  6 hobgoblins
  A jackal (D:2)
  2 ball pythons (D:2)
  2 frilled lizards (D:2)
  7 kobolds
  8 rats
60 creatures vanquished.

Notes
Turn   | Place    | Note
-------+----------+-------------------------------------------
     0 | D:1      | doot the Felid Warper began the quest for the Orb.
     0 | D:1      | Reached XP level 1. HP: 9/9 MP: 4/4
   209 | D:1      | Reached XP level 2. HP: 11/13 MP: 6/6
  1186 | D:1      | Learned a level 2 spell: Blink
  1189 | D:1      | Learned a level 2 spell: Shroud of Golubria
  1269 | D:2      | Reached XP level 3. HP: 14/16 MP: 4/7
  1607 | D:2      | Reached XP level 4. HP: 12/19 MP: 8/8
  1946 | D:2      | Learned a level 3 spell: Teleport Other
  1996 | D:2      | Slain by a hound
  1997 | D:2      | Reached XP level 3. HP: 0/16 MP: 4/7
  2138 | D:2      | Reached XP level 4. HP: 4/19 MP: 5/8
  2693 | D:3      | Reached skill level 1 in Stealth
  2700 | D:3      | Mangled by a gnoll

Skill      XL: |  1  2  3  4 |
---------------+-------------+-----
Unarmed Combat | 3 |  3.9
Dodging        | 4 |  4.2
Stealth        | 1 |  1.5
Fighting       | |  2.3
Spellcasting   | |  2.5
Charms         | |  0.3
Translocations | |  4.6

Action                   |  1- 3 |  4- 6 || total
-------------------------+-------+-------++-------
Melee: Unarmed           |   182 |    48 ||   230
       Bite              |    16 |     4 ||    20
       Punch             |     3 |       ||     3
 Cast: Shroud of Golubri |     9 |     4 ||    13
       Blink             |     2 |       ||     2
  Use: Potion            |       |     1 ||     1
 Stab: Distracted        |     1 |       ||     1
       Sleeping          |     1 |     7 ||     8
  Eat: Chunk             |    12 |     4 ||    16
Armor: Skin              |    11 |     2 ||    13
Dodge: Dodged            |   190 |    40 ||   230
